 Dungeon Crawl Stone Soup version 0.28-a0-628-g3c9886e45e (webtiles) character file.

Game seed: 3092849739436333600

17 Klosterheim the Poker (level 2, -1/22 HPs)
             Began as a Demonspawn Warper on Oct 8, 2021.
             Slain by a jackal (2 damage)
             ... on level 1 of the Dungeon.
             The game lasted 00:01:59 (1533 turns).

Klosterheim the Poker (Demonspawn Warper)           Turns: 1533, Time: 00:01:59

Health: -1/22      AC:  3    Str: 11    XL:     2   Next: 44%
Magic:  5/5        EV: 11    Int: 14    God:
Gold:   13         SH:  0    Dex: 12    Spells: 5/5 levels left

rFire   . . .      SeeInvis .   a - +0 spear
rCold   . . .      Faith    .   (no shield)
rNeg    . . .      Spirit   .   b - +0 leather armour
rPois   .          Reflect  .   (no helmet)
rElec   .          Harm     .   (no cloak)
rCorr   .          Rampage  .   (no gloves)
Will    .....                   (no boots)
Stlth   +.........              (no amulet)
HPRegen 0.07/turn               (no ring)
MPRegen 0.09/turn               (no ring)

@: no status effects
A: demonic magic 1
a: no special abilities


You were on level 1 of the Dungeon.
You visited 1 branch of the dungeon, and saw 2 of its levels.

You collected 13 gold pieces.

Inventory:

Hand Weapons
 a - a +0 spear (weapon)
Missiles
 d - 5 boomerangs of dispersal (quivered)
Armour
 b - a +0 leather armour (worn)
Scrolls
 c - a scroll of blinking
 g - a scroll of identify {unknown}
Potions
 e - a potion of might {unknown}
 f - a potion of curing {unknown}


   Skills:
 - Level 2.0 Fighting
 * Level 2.8 Polearms
 - Level 0.8 Throwing
 - Level 0.8 Armour
 - Level 1.7 Dodging
 - Level 2.0 Spellcasting
 - Level 2.6 Translocations


You had 5 spell levels left.
You didn't know any spells.
Your spell library contained the following spells:

 Spells                   Type           Power      Damage    Failure   Level
 Blink                    Tloc           N/A        N/A       16%         2
 Gell's Gravitas          Tloc           4%         N/A       30%         3
 Lesser Beckoning         Tloc           8%         N/A       30%         3
 Teleport Other           Tloc           8%         N/A       30%         3
 Manifold Assault         Tloc           8%         N/A       96%         5


Dungeon Overview and Level Annotations

Branches:
Dungeon (2/15)

Altars:


Innate Abilities, Weirdness & Mutations

Spells you cast may paralyse adjacent enemies.


Message History

The jackal bites you. The jackal closely misses you.
The jackal barely misses you.
You hit the jackal but do no damage. The jackal completely misses you.
You closely miss the jackal. The jackal bites you.
You closely miss the jackal. The jackal bites you.
The jackal closely misses you.
You hit the jackal but do no damage. The jackal closely misses you.
The jackal bites you. The jackal bites you. The jackal bites you.
The jackal bites you.
There is a stone staircase leading up here.
The jackal barely misses you. The jackal bites you.
The jackal bites you but does no damage.
You climb upwards.
There is a stone staircase leading down here.
You hit the jackal but do no damage.
The jackal bites you but does no damage.
The jackal closely misses you. The jackal bites you.
You hit the jackal but do no damage. The jackal bites you. x2
* * * LOW HITPOINT WARNING * * *
The jackal bites you.
* * * LOW HITPOINT WARNING * * *
You barely miss the jackal.
The jackal bites you but does no damage.
The jackal barely misses you. The jackal misses you.
You barely miss the jackal.
The jackal bites you but does no damage. x2
You hit the jackal.
The jackal is heavily wounded.
The jackal bites you.
* * * LOW HITPOINT WARNING * * *
The jackal bites you but does no damage. x2
You hit the jackal.
The jackal is almost dead.
The jackal barely misses you.
The jackal bites you but does no damage.
The jackal bites you.
You die...

##.###....##########.
#.#......[.....# #.
#.#.#....#####.####.
#$#.#######.......#.
#.#.# #.##.##.#. #.#.#
#.##.##.#† #######.#.#
#.#..##.#. #.......#h#
#.#..##.#. ##.######@#
#.#...>... #.####.#h#
#.#..#####
#......#.#######.#....#
######.#.........#.##.###
#....#.###########.##...#
#.##.#># #.......#.......
#.#..#.# #.#####.######..
##.##.#.# #.# #.# ##.
#.......#
#.#####.#######.


You could see 2 jackals.

Vanquished Creatures
  A dart slug (D:1)
  3 endoplasms
  2 goblins
  A quokka (D:1)
  2 ball pythons
  A bat (D:1)
  2 frilled lizards (D:1)
  A kobold (D:1)
  3 rats (D:1)
16 creatures vanquished.

Notes
Turn   | Place    | Note
-------+----------+-------------------------------------------
     0 | D:1      | Klosterheim the Demonspawn Warper began the quest for the
                  | Orb.
     0 | D:1      | Reached XP level 1. HP: 16/16 MP: 3/3
   213 | D:1      | Found a faded altar of an unknown god.
   605 | D:1      | Gained mutation: Spells you cast may paralyse adjacent
                  | enemies. [demonic ancestry]
   605 | D:1      | Reached XP level 2. HP: 12/22 MP: 5/5
  1532 | D:1      | HP: 1/22 [jackal (3)]
  1533 | D:1      | Slain by a jackal

Illustrated notes

Levels and vault maps discovered:
D:1:      co_arrival_square_in_a_square_in_a_square, layout_basic,
          ebering_ecumenical_altar_webs
D:2:      layout_rooms

Skill      XL: |  1 |
---------------+----+-----
Polearms       | 2 |  2.8
Fighting       | |  2.0
Throwing       | |  0.8
Armour         | |  0.8
Dodging        | |  1.7
Spellcasting   | |  2.0
Translocations | |  2.6

Action                   || total
-------------------------++-------
Melee: Spear             ||    76
 Stab: Sleeping          ||     1
Armor: Leather armour    ||    20
Dodge: Dodged            ||    32

Table legend: (Time is in decaauts)
 A = Elapsed time spent in this place.
 B = Non-inter-level travel time spent in this place.
 C = Inter-level travel time spent in this place.
 D = Time resting spent in this place.
 E = Time spent auto-exploring this place.
 F = Levels seen in this place.
 G = Mean time per level.
                   A        B        C        D        E       F      G
               +--------+--------+--------+--------+--------+-----+--------+
         Total |   1531 |   1522 |      9 |    540 |    819 |   2 |  765.5 |
       Dungeon |   1531 |   1522 |      9 |    540 |    819 |   2 |  765.5 |
               +--------+--------+--------+--------+--------+-----+--------+

Top non-repeatable levels by time:
     D:1: 1368 daAuts
     D:2: 163 daAuts
